 Dungeon Crawl Stone Soup version 0.18.1-48-g4cf74bf (webtiles) character file.

2214 Joat the Gusty (level 9, -3/51 HPs)
             Began as an Octopode Wizard on Aug 4, 2016.
             Was an Initiate of Vehumet.
             Slain by an orc warrior
             ... wielding a +0 dire flail
              (26 damage)
             ... on level 7 of the Dungeon on Aug 5, 2016.
             The game lasted 01:35:07 (9365 turns).

Joat the Gusty (Octopode Wizard)                    Turns: 9365, Time: 01:35:07

Health: -3/51      AC: 11    Str:  6    XL:     9   Next: 35%
Magic:  2/17       EV: 14    Int: 30    God:    Vehumet [......]
Gold:   311        SH:  4    Dex: 14    Spells: 5 memorised, 7 levels left

rFire  . . .     SeeInvis .     n - +1 trident (curse)
rCold  + . .     Gourm    .     (no shield)
rNeg   + + .     Faith    .     y - +2 hat
rPois  .         Spirit   .     T - +4 amulet of reflection
rElec  .         Dismiss  .     d - ring of positive energy
rCorr  .         Reflect  +     k - ring of positive energy
SustAt .         Harm     .     u - +6 ring of intelligence
MR     +....                    E - +6 ring of protection
Stlth  +++.......               J - +2 ring of protection
                                H - ring of protection from cold
                                G - +4 ring of dexterity
                                R - ring of protection from magic

@: repel missiles, somewhat resistant to hostile enchantments, fairly stealthy
A: almost no armour, amphibious, 8 rings, constrict 8, camouflage 1, gelatinous
body 1
a: Renounce Religion


You were on level 7 of the Dungeon.
You worshipped Vehumet.
Vehumet was noncommittal.
You were hungry.

You visited 1 branch of the dungeon, and saw 7 of its levels.

You collected 311 gold pieces.

Inventory:

Hand Weapons
 a - a +0 hunting sling
 b - a +0 short sword of venom
 n - a cursed +1 trident (weapon)
Missiles
 e - 11 javelins
 g - 329 stones
 r - 66 bolts
 s - 75 sling bullets
 t - 59 arrows
 x - 25 poisoned needles
 F - 10 tomahawks
 L - 7 poisoned tomahawks (quivered)
 Q - 5 silver javelins
Armour
 y - a +2 hat (worn)
Jewellery
 d - a ring of positive energy (left tentacle)
 k - a ring of positive energy (right tentacle)
 u - a +6 ring of intelligence (on tentacle)
 E - a +6 ring of protection (on tentacle)
 G - a +4 ring of dexterity (on tentacle)
 H - a ring of protection from cold (on tentacle)
 J - a +2 ring of protection (on tentacle)
 R - a ring of protection from magic (on tentacle)
 T - a +4 amulet of reflection (around mantle)
Wands
 P - a wand of random effects (13/48)
Scrolls
 j - a scroll of immolation
 m - 2 scrolls of teleportation {unknown}
 q - 2 scrolls of enchant armour
 B - 2 scrolls of enchant weapon {unknown}
 C - a scroll of magic mapping
 D - 2 scrolls of remove curse
 I - 2 scrolls of identify
 O - a scroll of recharging {unknown}
 U - a scroll of amnesia {unknown}
Potions
 f - 2 potions of curing
 l - 2 potions of cancellation {unknown}
 o - 2 potions of lignification {unknown}
 v - 4 potions of heal wounds {unknown}
 w - a potion of berserk rage
 z - a potion of might
 A - a potion of brilliance {unknown}
 M - a potion of degeneration {unknown}
Books
 p - a book of Minor Magic

   Spells                             Type                      Level
   a - Magic Dart                     Conjuration                  1
   b - Blink                          Translocation                2
   c - Call Imp                       Summoning                    2
   d - Repel Missiles                 Charms/Air                   2
   e - Slow                           Hexes                        2
   f - Conjure Flame                  Conjuration/Fire             3
   g - Mephitic Cloud                 Conjuration/Poison/Air       3
Comestibles
 c - 4 bread rations
 h - 2 beef jerkies
 i - a slice of pizza
 K - a royal jelly
 N - 3 fruits
 S - 3 chunks of flesh


   Skills:
 + Level 4.3 Dodging
 - Level 2.6 Stealth
 - Level 5.3 Spellcasting
 - Level 5.1 Conjurations
   Level 1.0 Summonings
 - Level 2.4 Translocations
 - Level 3.5 Fire Magic
 - Level 6.6 Air Magic
 - Level 4.3 Poison Magic


You had 7 spell levels left.
You knew the following spells:

 Your Spells              Type           Power        Failure   Level  Hunger
a - Magic Dart            Conj           ####         1%          1    None
b - Blink                 Tloc           N/A          3%          2    None
c - Mephitic Cloud        Conj/Pois/Air  #####...     1%          3    None
d - Repel Missiles        Chrm/Air       ####..       1%          2    None
e - Conjure Flame         Conj/Fire      ####....     2%          3    None


Dungeon Overview and Level Annotations

Branches:
Dungeon (7/15)
 Temple: D:4-7

Altars:
Dithmenos
Elyvilon
Gozag
Kikubaaqudgha
Nemelex Xobeh
Okawaru
Pakellas
Ru
Vehumet
Xom
Zin


Innate Abilities, Weirdness & Mutations

You cannot wear most types of armour.
You are amphibious.
You can wear up to eight rings at the same time.
You can use your tentacles to constrict eight enemies at once.
Your skin changes colour to match your surroundings (Stealth).
Your rubbery body absorbs attacks (AC +1).


Message History

You barely miss the orc warrior. Your grab misses the orc warrior.
The orc warrior is almost dead.
The orc warrior hits you with a dire flail!
The orc warrior hits you with a dire flail.
Attack whom?
Press: ? - help, Dir - move target cursor, f/p - orc warrior
Aim: an orc warrior, wielding a dire flail and wearing a plate armour (almost dead)
You reach to attack!
You closely miss the orc warrior.
The orc warrior is almost dead.
The orc warrior barely misses you.
Casting: Magic Dart
Confirm with . or Enter, or press ? or * to list all spells.
Aiming: Magic Dart
Press: ? - help, Shift-Dir - straight line, f/p - orc warrior
Aim: an orc warrior, wielding a dire flail and wearing a plate armour (almost dead)
The magic dart hits the orc warrior.
The orc warrior is almost dead.
The orc warrior hits you with a dire flail!!
Ouch! That really hurt!
You die...

#.# #.....# #.. #.#
#.....# #.. #.####
##..### #.# #....#
#.## ####.# ####.#
###.#### #....# #.#
#......# #.####
#.###.#.##.# #.#
#o#.#.#.##.###.####
#.@...#........##..
###.#.#..#.#####...
#......#.# ##....
###......# #.....
####.### #.....
##.## #..... #>..#
##.... #..)# #.....
# #..)# #.#...


You could see an orc warrior.

Vanquished Creatures
  A sky beast (D:5)
  2 orc warriors
  2 phantoms
  2 ogres
  3 giant frogs (D:6)
  2 scorpions
  4 wights (D:6)
  2 vampire bats (D:5)
  3 crimson imps
  A quasit (D:7)
  3 giant frog skeletons (D:6)
  2 giant frog zombies
  2 orc priests
  3 hounds
  An iguana (D:5)
  5 orc wizards
  7 worker ants
  3 gnolls
  8 adders
  A shadow imp (D:5)
  2 oozes (D:3)
  6 worms
  An adder skeleton (D:7)
  A dart slug (D:3)
  4 giant geckos
  35 orcs
  2 bat skeletons (D:5)
  3 bat zombies (D:5)
  9 giant cockroaches
  11 hobgoblins
  10 kobolds
  2 quokkas
  2 ball pythons (D:1)
  6 bats
  A giant gecko skeleton (D:5)
  7 giant newts
  12 goblins
  8 rats
179 creatures vanquished.

Notes
Turn   | Place    | Note
--------------------------------------------------------------
     0 | D:1      | Joat the Octopode Wizard began the quest for the Orb.
     0 | D:1      | Reached XP level 1. HP: 11/11 MP: 4/4
   400 | D:1      | Reached XP level 2. HP: 17/17 MP: 0/6
   404 | D:1      | Learned a level 2 spell: Blink
  1058 | D:2      | Reached XP level 3. HP: 21/21 MP: 0/7
  1080 | D:2      | Found a sparkling altar of Nemelex Xobeh.
  1332 | D:2      | Reached XP level 4. HP: 27/27 MP: 0/8
  1337 | D:2      | Learned a level 3 spell: Mephitic Cloud
  1456 | D:1      | Learned a level 2 spell: Repel Missiles
  2065 | D:2      | Reached skill level 1 in Air Magic
  2673 | D:2      | Reached XP level 5. HP: 31/31 MP: 6/10
  2678 | D:2      | Learned a level 3 spell: Conjure Flame
  2825 | D:2      | Found an oddly glowing altar of Pakellas.
  3796 | D:3      | Reached XP level 6. HP: 36/36 MP: 10/13
  4094 | D:4      | Found a white marble altar of Elyvilon.
  4206 | D:4      | Reached skill level 5 in Spellcasting
  4560 | D:4      | Reached skill level 1 in Poison Magic
  4895 | D:4      | Reached XP level 7. HP: 41/41 MP: 0/15
  5124 | D:4      | Reached skill level 2 in Air Magic
  5621 | D:5      | Entered Level 5 of the Dungeon
  6283 | D:5      | Found a sacrificial altar of Ru.
  6323 | D:5      | Reached skill level 1 in Fire Magic
  6346 | D:5      | Reached XP level 8. HP: 43/46 MP: 11/16
  6524 | D:5      | Found an ancient bone altar of Kikubaaqudgha.
  6968 | D:6      | Found a shadowy altar of Dithmenos.
  7017 | D:6      | Reached skill level 5 in Conjurations
  7275 | D:6      | Reached skill level 3 in Air Magic
  7567 | D:6      | Reached skill level 4 in Air Magic
  7676 | D:6      | Found a glowing silver altar of Zin.
  7676 | D:6      | Found an opulent altar of Gozag.
  7839 | D:6      | Reached skill level 5 in Air Magic
  7857 | D:6      | Reached XP level 9. HP: 44/51 MP: 8/17
  8014 | D:6      | Found a shimmering altar of Xom.
  8230 | D:6      | Reached skill level 6 in Air Magic
  9044 | D:7      | Found an iron altar of Okawaru.
  9062 | D:7      | Found a radiant altar of Vehumet.
  9126 | D:7      | Became a worshipper of Vehumet
  9206 | D:7      | Found a sacrificial altar of Ru.
  9365 | D:7      | Slain by an orc warrior

Skill      XL: |  1  2  3  4  5  6  7  8  9 |
---------------+----------------------------+-----
Conjurations   | 2 3 5 |  5.1
Air Magic      | 1 2 5 6 |  6.6
Spellcasting   | 4 5 |  5.3
Poison Magic   | 3 4 |  4.3
Translocations | 2 |  2.4
Dodging        | 3 4 |  4.3
Fire Magic     | 1 3 |  3.5
Stealth        | |  2.6
Summonings     | |  1.0

Action                   |  1- 3 |  4- 6 |  7- 9 || total
-------------------------+-------+-------+-------++-------
Melee: Unarmed           |     5 |       |       ||     5
       Constrict         |     1 |     5 |    44 ||    50
       Short sword       |     4 |    11 |    88 ||   103
       Dagger            |       |     7 |       ||     7
       Tentacles         |       |     4 |    27 ||    31
       Hunting sling     |       |     2 |       ||     2
       Trident           |       |       |   131 ||   131
 Fire: Hunting sling     |       |    15 |    27 ||    42
Throw: Javelin           |     7 |     3 |       ||    10
       Tomahawk          |       |       |     9 ||     9
 Cast: Magic Dart        |    61 |   184 |   229 ||   474
       Repel Missiles    |       |     1 |     2 ||     3
       Blink             |       |     1 |     2 ||     3
       Mephitic Cloud    |       |     1 |       ||     1
       Conjure Flame     |       |       |    16 ||    16
  Use: Scroll            |       |     9 |     1 ||    10
       Potion            |       |     1 |       ||     1
 Stab: Sleeping          |       |     5 |     3 ||     8
       Distracted        |       |       |     1 ||     1
  Eat: Chunk             |     1 |     9 |    14 ||    24
       Pizza             |       |     1 |       ||     1
Armor: Skin              |     3 |     9 |    72 ||    84
Dodge: Dodged            |    10 |    29 |   122 ||   161
       Deflected         |       |     2 |     8 ||    10
Block: Other             |       |       |     6 ||     6
